[Event "Guimaraes Open 2018"]
[Site "Guimaraes"]
[Date "2018.10.07"]
[Round "6"]
[White "Barbosa, Paulo Jorge Pereira"]
[Black "Gama, Joao Goncalo Cereje"]
[Result "1/2-1/2"]
[ECO "A39"]
[WhiteElo "1982"]
[BlackElo "1598"]
[Annotator "NA"]
[PlyCount "64"]
[EventDate "2018.10.04"]
[EventType "swiss"]
[EventCountry "POR"]
[SourceTitle "playchess.com"]
[Source "ChessBase"]
[SourceQuality "1"]
[TimeControl "5400+30"]

1. c4 c5 2. g3 g6 3. Bg2 Bg7 4. Nc3 Nc6 5. Nf3 Nf6 6. O-O O-O 7. d4 cxd4 8. Nxd4 Ne5 9. b3 {[%emt 0:01:59] LiveBook: 4 Games} d6 10. Bb2 Rb8 11. Rc1 {[%emt 0:01:57] E65: Königsindisch (Jugoslawische Variante)} (11. h3 Bd7 12. Qd2 h5 13. f4 Nc6 14. Nxc6 Bxc6 15. Rfd1 Bxg2 16. Kxg2 Re8 17. e4 Qc8 18. Qe2 b6 {0-1 (34) Valov,I (2213)-Andriasian,Z (2622) St Petersburg 2014}) 11... Bd7 12. e3 Qc8 $146 ({Vorgänger:} 12... a6 13. Nce2 Re8 14. a3 Qb6 15. Bc3 Rec8 16. Qd2 Qd8 {0-1 (56) Makhnev,P (1519)-Drygalov,S (2224) Nizhny Tagil 2014}) 13. Nd5 Re8 14. Ba3 Nxd5 15. cxd5 Qd8 16. Qd2 Qb6 17. Bb4 Rbc8 18. Rfd1 a6 19. Ba5 Qa7 20. h3 b6 (20... Rxc1 $14 21. Rxc1 Rc8) 21. Bc3 g5 22. f4 gxf4 23. gxf4 (23. exf4 $18 b5 24. Kh2 (24. fxe5 dxe5 25. Kf1 exd4 $11)) 23... Ng6 24. Nc6 Bxc3 25. Rxc3 (25. Nxa7 $2 {perishes.} Bxd2 26. Nxc8 Bxe3+ 27. Kh1 Rxc8 $19) 25... Bxc6 26. dxc6 b5 27. Kh2 Kh8 $18 28. Qb2 f6 29. Rcd3 Rg8 30. R1d2 Nh4 31. Bh1 Nf5 32. Re2 Ng3 1/2-1/2

[Event "Guimaraes Open 2018"]
[Site "Guimaraes"]
[Date "2018.10.07"]
[Round "6"]
[White "Machado, Tomas Dias"]
[Black "Dias, Ivo Rodrigues"]
[Result "1/2-1/2"]
[ECO "B42"]
[WhiteElo "1966"]
[BlackElo "2174"]
[Annotator "NA"]
[PlyCount "35"]
[EventDate "2018.10.04"]
[EventType "swiss"]
[EventCountry "POR"]
[SourceTitle "playchess.com"]
[Source "ChessBase"]
[SourceQuality "1"]
[TimeControl "5400+30"]

1. e4 c5 2. Nf3 e6 3. d4 cxd4 4. Nxd4 a6 5. Bd3 Nf6 6. O-O d6 7. b3 Be7 8. Bb2 O-O 9. Nd2 Qc7 10. c4 Nbd7 11. Qe2 {[%emt 0:01:59] B42: Sicilian: Kan Variation: 5 Bd3} Re8 {[%emt 0:01:56] LiveBook: 3 Games} 12. Rae1 Bf8 13. Bc2 $146 ({Predecessor:} 13. Kh1 b6 14. Bb1 Bb7 15. f4 g6 16. N4f3 e5 17. f5 Bg7 18. Ng5 Bc6 19. Rf3 {½-½ (19) Hernandez Guerrero,G (2531)-Klaasen,C (2143) Durban 2014}) 13... b5 14. Bb1 bxc4 15. Qxc4 Qa5 16. b4 Qh5 17. Re3 Ne5 $11 ({Don't go for} 17... Ng4 $2 18. Rh3 $18) 18. Qc2 1/2-1/2

[Event "Guimaraes Open 2018"]
[Site "Guimaraes"]
[Date "2018.10.07"]
[Round "6"]
[White "Bazan Solera, Manuel"]
[Black "Pinto, Andre Jorge Pimpare"]
[Result "1-0"]
[ECO "A06"]
[WhiteElo "1932"]
[BlackElo "1309"]
[Annotator "NA"]
[PlyCount "51"]
[EventDate "2018.10.04"]
[EventType "swiss"]
[EventCountry "POR"]
[SourceTitle "playchess.com"]
[Source "ChessBase"]
[SourceQuality "1"]
[TimeControl "5400+30"]

1. Nf3 d5 2. d4 Bf5 3. g3 e6 {[%emt 0:00:43] D02: 1 d4 d5 2 Nf3 sidelines, including 2...Nf6 3 g3 and 2...Nf6 3 Bf4} (3... Nf6 4. Bg2 e6 5. O-O Bd6 6. c4 c6 7. Nc3 Nbd7 8. Nd2 O-O 9. e4 dxe4 10. Ndxe4 Nxe4 11. Nxe4 Bxe4 12. Bxe4 Nf6 13. Bf3 Qa5 14. Qb3 Qb6 15. Qc2 c5 16. dxc5 Bxc5 {½-½ (72) Zhou,J (2620)-Li,C (2758) Wuxi 2016}) 4. Bg2 c5 5. O-O Nc6 6. c3 Qa5 $146 (6... Nf6 $11) ({Predecessor:} 6... h6 7. dxc5 Bxc5 8. Nd4 Bg6 9. Nxc6 bxc6 10. Qa4 Qd7 11. e4 Nf6 {0-1 (64) Djukic,B (2280)-Trkulja,G (2390) Sarajevo 2013}) 7. dxc5 Bxb1 8. b4 Qa6 9. Rxb1 Qxa2 10. Nd2 Ne5 11. Rb2 Qa6 12. Re1 Nc4 $2 (12... Nf6 13. e4 Nd3) 13. Nxc4 Qxc4 14. Qa4+ Kd8 15. Qa5+ Kc8 16. Bf4 b6 17. cxb6 Kb7 18. Ra2 a6 19. e4 Ne7 20. Bf1 Nc6 21. Qa3 Qxa2 22. Qxa2 dxe4 23. Bc7 Be7 24. Bg2 Bd8 25. Bxe4 Bxc7 26. Qc4 1-0

[Event "Guimaraes Open 2018"]
[Site "Guimaraes"]
[Date "2018.10.07"]
[Round "6"]
[White "Marques, Ricardo Taborda Tri"]
[Black "Rey Malde, Henrique"]
[Result "0-1"]
[ECO "B76"]
[WhiteElo "1881"]
[BlackElo "2177"]
[Annotator "NA"]
[PlyCount "52"]
[EventDate "2018.10.04"]
[EventType "swiss"]
[EventCountry "POR"]
[SourceTitle "playchess.com"]
[Source "ChessBase"]
[SourceQuality "1"]
[TimeControl "5400+30"]

1. e4 c5 2. Nf3 d6 3. d4 cxd4 4. Nxd4 Nf6 5. Nc3 g6 6. Be3 Bg7 7. f3 O-O 8. Qd2 Nc6 9. O-O-O d5 10. Qe1 e5 11. Nxc6 bxc6 12. exd5 Nxd5 13. Bc4 Be6 14. Ne4 {[%emt 0:00:12] LiveBook: 159 Partien} Qc7 15. Bc5 Rfd8 16. g4 Nf4 17. Bxe6 {[%emt 0:14:03] B76: Sicilian Dragon: Yugoslav Attack, 9 g4 and 9 0-0-0} (17. Qc3 Rd4 18. Bxd4 exd4 19. Qb4 d3 20. Bxe6 Ne2+ 21. Kb1 Rb8 22. Bxf7+ Kh8 23. Qxb8+ Qxb8 24. c3 Nxc3+ 25. Nxc3 Bxc3 {1-0 (41) Svidler,P (2738)-Radjabov,T (2744) Sochi 2008 CBM 126 [Ftacnik,L]}) 17... Nxe6 18. Be3 {[%emt 0:12:46] [#]} Rd5 $146 ({Predecessor:} 18... Rxd1+ 19. Qxd1 Qa5 20. Kb1 Rb8 21. c3 Nc7 22. Qd6 Bf8 23. Qxc6 Nb5 24. Ka1 Bg7 {1-0 (35) Gascon del Nogal,J (2268)-Alsina Leal,D (2538) Barcelona 2013}) 19. Qh4 Rad8 20. Bh6 Nd4 21. Rxd4 exd4 22. Bxg7 (22. Kd1 {war angesagt.}) 22... Kxg7 23. g5 (23. Qf6+ {was necessary.} Kg8 24. h4) 23... Rf5 24. Qh6+ Kh8 25. Nf6 (25. Qh4 $142) 25... Qf4+ 26. Kb1 Rxf6 $19 0-1

[Event "Guimaraes Open 2018"]
[Site "Guimaraes"]
[Date "2018.10.07"]
[Round "6"]
[White "Cordeiro, Joao Carlos Santos "]
[Black "Navarro Martinez, Victor"]
[Result "0-1"]
[ECO "B24"]
[WhiteElo "1792"]
[BlackElo "1505"]
[Annotator "NA"]
[PlyCount "69"]
[EventDate "2018.10.04"]
[EventType "swiss"]
[EventCountry "POR"]
[SourceTitle "playchess.com"]
[Source "ChessBase"]
[SourceQuality "1"]
[TimeControl "5400+30"]

1. e4 c5 2. Nc3 Nc6 3. g3 g6 4. Bg2 Bg7 5. d3 Rb8 6. Be3 b5 7. Qd2 b4 8. Nd1 d6 9. f4 Qc7 10. Nf3 e6 11. O-O Nge7 12. h3 O-O 13. Bf2 a5 14. c3 Ba6 15. Re1 Na7 16. d4 f5 17. Ng5 Bc4 18. exf5 exf5 19. d5 bxc3 20. bxc3 Qb7 21. Ne3 Ba6 22. Ne6 Rfe8 23. Nxg7 Kxg7 24. c4 Qb4 25. Qc2 Qb2 26. Qd3 Qd4 27. Nxf5+ Nxf5 28. Bxd4+ Nxd4 29. Rxe8 Rxe8 30. Rb1 Nc8 31. a4 Re2 32. g4 Rc2 33. Qe3 Re2 34. Qd3 Rc2 35. Qd1 0-1

[Event "Guimaraes Open 2018"]
[Site "Guimaraes"]
[Date "2018.10.07"]
[Round "6"]
[White "Silva, Tiago Alexandre Pin"]
[Black "Dias, Ricardo Pedro Cruz"]
[Result "0-1"]
[ECO "C88"]
[WhiteElo "1757"]
[BlackElo "2098"]
[Annotator "NA"]
[PlyCount "56"]
[EventDate "2018.10.04"]
[EventType "swiss"]
[EventCountry "POR"]
[SourceTitle "playchess.com"]
[Source "ChessBase"]
[SourceQuality "1"]
[TimeControl "5400+30"]

1. e4 e5 2. Nf3 Nc6 3. Bb5 a6 4. Ba4 Nf6 5. O-O Be7 6. Re1 b5 7. Bb3 O-O 8. a4 b4 9. c3 {[%emt 0:00:48] LiveBook: 36 Games} d6 10. d4 exd4 {[%emt 0:10:34] C90: Closed Ruy Lopez with 7...d6: Early deviations} (10... Rb8 11. h3 bxc3 12. bxc3 Be6 13. d5 Na5 14. Ba2 Bd7 15. Ba3 Qe8 16. Qd3 Bxa4 17. Bb4 Nb7 18. Qxa6 Bb5 19. Qa7 c5 20. dxc6 Bxc6 {½-½ (44) Short,N (2663)-Werle,J (2607) Wijk aan Zee 2009}) 11. Nxd4 Bd7 12. Bc2 $146 ({Predecessor:} 12. Nxc6 Bxc6 13. Bd5 Bxd5 14. exd5 bxc3 15. Nxc3 Re8 16. b4 Nd7 17. Bd2 Rb8 18. Rb1 Ne5 19. b5 a5 20. Ne4 Bf6 21. Nxf6+ {1-0 (21) Hallengren,B-Capello,A WCCF email 2002}) 12... Rb8 13. a5 Re8 14. Bg5 h6 15. Bh4 Ne5 16. Nd2 Bf8 17. h3 c5 18. N4f3 Ng6 19. Bg3 Nh5 20. Bh2 Nhf4 $14 21. Nc4 Bc6 22. Qd2 Qf6 23. Bd1 Rxe4 24. Rxe4 Bxe4 25. Nb6 Rd8 26. Qe3 Bc6 27. Nc4 Re8 28. Qd2 Nxh3+ 0-1

[Event "Guimaraes Open 2018"]
[Site "Guimaraes"]
[Date "2018.10.07"]
[Round "6"]
[White "Andrade, Ricardo Sarmento"]
[Black "Fernandes, Miguel Antonio"]
[Result "0-1"]
[ECO "C00"]
[WhiteElo "1751"]
[BlackElo "2048"]
[Annotator "NA"]
[PlyCount "114"]
[EventDate "2018.10.04"]
[EventType "swiss"]
[EventCountry "POR"]
[SourceTitle "playchess.com"]
[Source "ChessBase"]
[SourceQuality "1"]
[TimeControl "5400+30"]

1. e4 e6 2. d4 c5 3. d5 exd5 4. exd5 d6 5. Nc3 Nf6 6. Nf3 Be7 7. Be2 O-O 8. O-O Na6 {[%emt 0:00:29] LiveBook: 66 Games} 9. Nd2 {[%emt 0:06:02] A43: Schmid Benoni} Nc7 10. Nde4 Bf5 11. Ng3 Bg6 $146 ({Predecessor:} 11... Bd7 12. a4 Re8 13. Bf4 a6 14. a5 Bf8 15. Re1 Rb8 16. Qd2 Nb5 17. Na4 {1-0 (17) Kuzmicz,K (2352)-Miton,K (2636) Warsaw 2005}) 12. f4 h6 13. f5 Bh7 14. Bf4 Qd7 15. Qd2 b5 16. Bf3 b4 17. Nce2 Rfe8 18. c4 bxc3 19. bxc3 Bf8 ({Black should try} 19... Qa4 $11) 20. c4 Bxf5 21. Nxf5 Qxf5 22. Ng3 Qd7 23. Rab1 ({Lieber} 23. h3 $14) 23... Rab8 24. Rxb8 Rxb8 25. Be2 Nce8 26. Bd3 Qa4 27. Rf3 Qb4 28. Qe3 $17 ({White should play} 28. Qc2 $15) 28... Ng4 29. Qc1 Qb2 30. Qxb2 Rxb2 31. h3 Ngf6 32. Rf2 Rxf2 33. Kxf2 g6 34. Bd2 Nd7 35. Bc3 Bg7 36. Ba5 Ne5 37. Be2 Bf6 38. Ne4 Be7 39. Nc3 a6 40. Na4 f5 41. Bd2 g5 42. g4 fxg4 43. hxg4 Nf6 44. Bc3 Nfxg4+ 45. Kg3 Nf6 46. Bxe5 dxe5 47. Nb2 e4 48. Nd1 Bd6+ 49. Kf2 Kf7 50. Ne3 Kg6 51. Ng4 Bf4 52. Nxf6 Kxf6 53. Kg2 Ke5 54. Kh3 Kd4 55. Kg2 Kc3 56. Kh3 Kd2 57. Bg4 e3 0-1

[Event "Guimaraes Open 2018"]
[Site "Guimaraes"]
[Date "2018.10.07"]
[Round "6"]
[White "Martins, Jose Carlos Caetano"]
[Black "Sousa, Hugo Carneiro"]
[Result "0-1"]
[ECO "C06"]
[WhiteElo "1679"]
[BlackElo "2014"]
[Annotator "NA"]
[PlyCount "98"]
[EventDate "2018.10.04"]
[EventType "swiss"]
[EventCountry "POR"]
[SourceTitle "playchess.com"]
[Source "ChessBase"]
[SourceQuality "1"]
[TimeControl "5400+30"]

1. e4 e6 2. d4 d5 3. Nd2 Nf6 4. e5 Nfd7 5. Bd3 c5 6. c3 Nc6 7. Ne2 cxd4 8. cxd4 f6 9. exf6 Nxf6 10. O-O Bd6 {[%emt 0:00:08] LiveBook: 1377 Games} 11. Nf3 Qc7 12. Nc3 a6 13. a3 O-O 14. Re1 Bd7 15. Qc2 Rae8 16. Bg5 Re7 ({Besser ist} 16... Ng4 $17 17. Bxh7+ Kh8) 17. Ne2 Qb6 18. Rad1 Kh8 19. g3 (19. Nf4 $14) 19... Be8 20. Nf4 (20. h3 $11 {keeps the balance.}) 20... Bxf4 21. Bxf4 Bh5 22. Be2 Ne4 23. Ne5 Bxe2 ({Viel schlechter ist} 23... Nxd4 $6 24. Rxd4 Qxd4 25. Bxh5 $16) 24. Qxe2 Nxe5 25. dxe5 Ref7 26. Be3 $11 Qc7 27. Bd4 Rc8 28. Qh5 Rf5 29. Qe2 Ng5 30. f4 Ne4 31. Be3 Rff8 32. Rc1 Qd7 33. Rxc8 Rxc8 34. Rc1 Kg8 35. Qd1 Kf8 36. Rxc8+ Qxc8 37. Qc1 Qxc1+ 38. Bxc1 d4 39. Kf1 d3 40. Be3 h5 41. Ke1 Kf7 42. h3 Ke7 43. a4 b5 44. axb5 axb5 45. g4 g6 46. b4 Kd7 47. Kd1 Kc6 48. gxh5 gxh5 49. h4 Kd7 0-1

[Event "Guimaraes Open 2018"]
[Site "Guimaraes"]
[Date "2018.10.07"]
[Round "6"]
[White "Dias, Jose Oliveira Gaspa"]
[Black "Cimpean, Andra"]
[Result "0-1"]
[ECO "A06"]
[WhiteElo "1605"]
[BlackElo "1867"]
[Annotator "NA"]
[PlyCount "62"]
[EventDate "2018.10.04"]
[EventType "swiss"]
[EventCountry "POR"]
[SourceTitle "playchess.com"]
[Source "ChessBase"]
[SourceQuality "1"]
[TimeControl "5400+30"]

1. Nf3 d5 2. d4 c6 3. Bf4 Qb6 4. Qc1 Bf5 {[%emt 0:01:53] LiveBook: 72 Partien} 5. e3 Nf6 6. h3 {[%emt 0:00:06] D02: 1 d4 d5 2 Nf3 sidelines, including 2...Nf6 3 g3 and 2...Nf6 3 Bf4} Nbd7 7. Nbd2 e6 8. Be2 Be7 9. O-O O-O (9... Ne4 10. c4 g5 11. Bh2 Ndf6 12. g4 Bg6 13. Ne5 Nxd2 14. Qxd2 {1-0 (66) Tihonov,J (2385)-Nasuta,G (2491) Suwalki 2018}) 10. c4 c5 11. b3 Rac8 12. Qb2 Ne4 13. Rfd1 $146 ({Predecessor:} 13. cxd5 exd5 14. Rac1 c4 15. Rfd1 c3 16. Qb1 cxd2 17. Rxc8 Rxc8 18. Nxd2 Ng3 19. Bd3 Ne2+ 20. Kh2 Nc3 {0-1 (20) Frank,M-Schulmann,W Buenos Aires 1990}) 13... Bf6 14. Nxe4 dxe4 15. Ne5 Nxe5 16. dxe5 Be7 17. Rd7 Rc7 18. Rad1 Qc6 19. Qd2 h6 20. g4 Bg6 21. Rxc7 Qxc7 22. Qd7 Rc8 $14 23. Qa4 Rd8 24. Rxd8+ Qxd8 25. Qxa7 Qd2 26. Bf1 Bh4 27. Bg3 Bxg3 28. fxg3 Qxe3+ 29. Kh2 Qf2+ 30. Bg2 e3 31. Qxb7 e2 0-1

[Event "Guimaraes Open 2018"]
[Site "Guimaraes"]
[Date "2018.10.07"]
[Round "6"]
[White "Peixoto, Flavio Pimenta"]
[Black "Pipiras, Filipa Fortuna"]
[Result "0-1"]
[ECO "B15"]
[WhiteElo "1464"]
[BlackElo "1853"]
[Annotator "NA"]
[PlyCount "24"]
[EventDate "2018.10.04"]
[EventType "swiss"]
[EventCountry "POR"]
[SourceTitle "playchess.com"]
[Source "ChessBase"]
[SourceQuality "1"]
[TimeControl "5400+30"]

1. e4 c6 2. Nc3 d5 3. d4 dxe4 4. Nxe4 Nf6 5. Nxf6+ exf6 6. Nf3 {[%emt 0:00:20] LiveBook: 226 Games} Bd6 7. Be2 O-O 8. O-O Nd7 9. Re1 Re8 $11 10. Be3 Nf8 11. d5 cxd5 12. Qxd5 Bxh2+ 0-1

[Event "Guimaraes Open 2018"]
[Site "Guimaraes"]
[Date "2018.10.07"]
[Round "6"]
[White "Fonseca, Pedro Miguel Ramos "]
[Black "Martinez Dourado, Daniel"]
[Result "1-0"]
[ECO "B01"]
[WhiteElo "1437"]
[BlackElo "1764"]
[Annotator "NA"]
[PlyCount "111"]
[EventDate "2018.10.04"]
[EventType "swiss"]
[EventCountry "POR"]
[SourceTitle "playchess.com"]
[Source "ChessBase"]
[SourceQuality "1"]
[TimeControl "5400+30"]

1. e4 d5 2. exd5 Nf6 3. d4 Bg4 4. Be2 Bxe2 5. Qxe2 Qxd5 6. Nf3 e6 7. O-O Nc6 8. Nc3 Qh5 9. Bf4 g5 10. Bxg5 Rg8 11. Bxf6 Qg6 12. g3 Qxf6 13. d5 Nd8 14. Qb5+ c6 15. dxc6 bxc6 16. Qd3 h5 17. Rad1 Be7 18. h4 Rb8 19. Ng5 Qg6 20. Qd7+ Kf8 21. Qxa7 Rxb2 22. Rd7 Bxg5 23. hxg5 Qxg5 24. Rxd8+ Qxd8 25. Qa3+ Ke8 26. Qxb2 h4 27. Ne4 Kf8 28. Qb4+ Kg7 29. Qc3+ Kf8 30. Qxc6 f5 31. Qd6+ Qxd6 32. Nxd6 hxg3 33. c4 Ke7 34. c5 Ra8 35. Ra1 gxf2+ 36. Kxf2 Ra3 37. Nb5 Ra6 38. Nd4 Ra4 39. Nc6+ Kf6 40. Nb8 Ke7 41. Rd1 Rxa2+ 42. Ke3 Rb2 43. Rd7+ Kf6 44. Rd8 Rc2 45. c6 e5 46. Rd6+ Ke7 47. Rd7+ Ke6 48. c7 f4+ 49. Kd3 Rc1 50. Rh7 Kd6 51. Na6 f3 52. Ke3 Rc3+ 53. Kf2 e4 54. Rh8 Rc2+ 55. Ke3 f2 56. Rf8 1-0

[Event "Guimaraes Open 2018"]
[Site "Guimaraes"]
[Date "2018.10.07"]
[Round "7"]
[White "Suarez Uriel, Adrian"]
[Black "Pintor, Simao Maciel Abranc"]
[Result "0-1"]
[ECO "B38"]
[WhiteElo "2394"]
[BlackElo "2047"]
[Annotator "ChessBase"]
[PlyCount "84"]
[EventDate "2018.10.04"]
[EventType "swiss"]
[EventCountry "POR"]
[SourceTitle "playchess.com"]
[Source "ChessBase"]
[SourceQuality "1"]
[TimeControl "5400+30"]

1. e4 c5 2. Nf3 Nc6 3. d4 cxd4 4. Nxd4 g6 5. c4 Bg7 6. Be3 Nf6 7. Nc3 O-O 8. Be2 d6 9. f3 Nxd4 10. Bxd4 Bd7 11. Qd2 a5 12. h4 h5 13. O-O-O a4 14. a3 Qa5 15. Qe3 Rfc8 16. Kb1 Be6 17. g4 Bxc4 18. g5 Nd7 19. Bxg7 Bxe2 20. Rd5 Qa6 21. Bh6 Qb6 22. Qd2 Bxf3 23. Rf1 Bg4 24. Rb5 Qc6 25. Nd5 Re8 26. Rb4 Rac8 27. Qd4 Ne5 28. Qf2 Be6 29. Rb6 Bxd5 30. Rxc6 Bxe4+ 31. Ka1 Rxc6 32. Re1 Bf5 33. Qd4 Rec8 34. Ka2 Rc4 35. Qb6 Bc2 36. Rf1 Bb3+ 37. Kb1 Bc2+ 38. Ka1 Bd3 39. Re1 Rc1+ 40. Ka2 Rxe1 41. Qe3 Bc4+ 42. b3 Bxb3+ 0-1

[Event "Guimaraes Open 2018"]
[Site "Guimaraes"]
[Date "2018.10.07"]
[Round "7"]
[White "Herrera Reyes, Jose Antonio"]
[Black "Fidalgo, Andre Neves"]
[Result "0-1"]
[ECO "A05"]
[WhiteElo "2343"]
[BlackElo "2181"]
[Annotator "NA"]
[PlyCount "82"]
[EventDate "2018.10.04"]
[EventType "swiss"]
[EventCountry "POR"]
[SourceTitle "playchess.com"]
[Source "ChessBase"]
[SourceQuality "1"]
[TimeControl "5400+30"]

1. Nf3 Nf6 2. g3 g6 3. Bg2 Bg7 4. d3 d5 5. c3 {[%emt 0:00:05] A07: Réti Opening: New York and Capablanca Systems} (5. O-O O-O 6. Nc3 c5 7. e4 d4 8. Ne2 Nc6 9. Nd2 e5 10. h3 Ne8 11. f4 Nd6 12. g4 f5 13. exf5 gxf5 14. g5 Bd7 {1-0 (37) Nakamura,H (2777)-Hou,Y (2658) chess.com INT 2018}) 5... c5 6. a3 b6 $146 ({Predecessor:} 6... O-O 7. O-O Nc6 8. Nbd2 e5 9. e4 dxe4 10. dxe4 Qc7 11. b4 Rd8 12. Qe2 cxb4 13. axb4 {1-0 (47) Hickl,J (2566)-Mueller,R (2231) Germany 2013}) 7. b4 Nbd7 8. h4 h6 9. Bf4 Bb7 10. Qc1 (10. d4 $11 {hält das Gleichgewicht.}) 10... Nh5 11. Be3 d4 12. Bd2 Ne5 13. O-O Nxf3+ 14. exf3 dxc3 15. Bxc3 Bd4 16. g4 (16. Kh1 $15) 16... Ng7 17. bxc5 bxc5 18. Bxd4 Qxd4 19. Nc3 Ne6 20. Ne2 {[%emt 0:13:48] [#]} Qf6 $1 ({Don't play} 20... Qxd3 21. Nf4 $15) 21. Rb1 Bxf3 22. Qe3 (22. Qb2 $17 {was necessary.} Bxg2 23. Kxg2) 22... Bxg2 23. Kxg2 Qxh4 24. Qe4 O-O 25. Rh1 Qg5 26. Rbg1 Rab8 27. f4 Qf6 28. f5 Ng5 29. Qe3 Kg7 30. Rf1 Rb2 31. Kg1 Rfb8 32. fxg6 Rb1 33. Kg2 Qc6+ 34. Kg3 Qd6+ 35. Nf4 Rxf1 36. Rxf1 fxg6 37. Re1 e6 $19 38. Kg2 Rb2+ 39. Kf1 Qd4 40. Qg3 Qf6 41. Qe3 Nh3 0-1

[Event "Guimaraes Open 2018"]
[Site "Guimaraes"]
[Date "2018.10.07"]
[Round "7"]
[White "Paasikangas-Tella, Johanna"]
[Black "Silva, Goncalo Nuno Neto P"]
[Result "1/2-1/2"]
[ECO "A40"]
[WhiteElo "2233"]
[BlackElo "1996"]
[Annotator "NA"]
[PlyCount "101"]
[EventDate "2018.10.04"]
[EventType "swiss"]
[EventCountry "POR"]
[SourceTitle "playchess.com"]
[Source "ChessBase"]
[SourceQuality "1"]
[TimeControl "5400+30"]

1. d4 g6 2. Nf3 Bg7 3. e4 c5 4. c3 cxd4 5. cxd4 Nf6 6. Nc3 O-O 7. Bd3 d6 8. h3 Nc6 9. O-O Bd7 {[%emt 0:00:24] B07: Pirc Defence: Miscellaneous Systems} (9... a6 10. Be3 b5 11. Rc1 Bb7 12. Qd2 Rc8 13. d5 Na5 14. b3 Nd7 15. Bd4 Bxd4 16. Nxd4 Qb6 17. Nce2 Rc5 {½-½ (50) Karjakin,S (2783)-Nepomniachtchi,I (2751) chess.com INT 2017}) 10. Re1 Qa5 11. Be3 $146 ({Predecessor:} 11. Bd2 Qd8 12. e5 dxe5 13. dxe5 Ne8 14. Bg5 {½-½ (54) Martian,D (2275)-Gulie,C (2057) Calimanesti Caciulata 2017}) 11... Rac8 12. Qd2 a6 13. Bf1 b5 14. a3 Qc7 15. Rac1 Qb7 16. e5 Ne8 17. Ne4 Bf5 18. Ng3 Bd7 (18... dxe5 $11 {remains equal.} 19. Nxf5 gxf5) 19. Bh6 dxe5 20. Bxg7 Nxg7 21. Qh6 f6 22. dxe5 Nd8 23. Rxc8 Bxc8 24. Bd3 Nf7 25. Qh4 f5 26. Qb4 Be6 27. Ne2 Bd5 28. Ned4 Ne6 $11 29. Nxe6 Bxe6 30. Bf1 Bd5 31. Nd4 Rc8 32. Qd2 e6 33. f4 Nd8 34. Ne2 Qb6+ 35. Qd4 Qxd4+ 36. Nxd4 Rc5 37. Kf2 Nc6 38. Nxc6 Rxc6 39. Bd3 Kf7 40. g4 h6 41. Rg1 Be4 42. Bxe4 fxe4 43. Re1 Rc4 44. h4 b4 45. Re3 bxa3 46. Rxa3 Rc2+ 47. Ke3 Rxb2 48. Rxa6 Rb3+ 49. Kxe4 Rb4+ 50. Ke3 Rb3+ 51. Ke4 1/2-1/2

[Event "Guimaraes Open 2018"]
[Site "Guimaraes"]
[Date "2018.10.07"]
[Round "7"]
[White "Costa, Paulo Jorge Lopes d"]
[Black "Huerga Leache, Mikel"]
[Result "1/2-1/2"]
[ECO "A04"]
[WhiteElo "2191"]
[BlackElo "2446"]
[Annotator "NA"]
[PlyCount "34"]
[EventDate "2018.10.04"]
[EventType "swiss"]
[EventCountry "POR"]
[SourceTitle "playchess.com"]
[Source "ChessBase"]
[SourceQuality "1"]
[TimeControl "5400+30"]

1. Nf3 b6 2. g3 Bb7 3. Bg2 d5 4. O-O Nf6 5. d3 {[%emt 0:00:51] A07: Réti Opening: New York and Capablanca Systems} (5. b3 e6 6. Bb2 Be7 7. c4 dxc4 8. bxc4 c5 9. Nc3 O-O 10. e3 Nc6 11. Qe2 Rc8 12. Rad1 Qc7 13. Ne1 Rfd8 14. f4 Nb4 15. Nb5 Qd7 16. a3 Bxg2 17. Kxg2 Nc6 18. Nc3 Qb7 19. Qf3 Rd7 {1-0 (82) Jakovenko,D (2710)-Moiseenko,V (2543) Sochi 2017}) 5... Nbd7 6. Nbd2 c5 7. e4 {[%emt 0:01:50] LiveBook: 3 Games} dxe4 8. Ng5 Qc8 9. Ngxe4 e6 $146 ({Predecessor:} 9... Nxe4 10. Nxe4 Nf6 11. Re1 Nxe4 12. Bxe4 Bxe4 13. Rxe4 {1-0 (44) Tompa,J (2384)-Boricsev,O (2429) Hungary 2010}) 10. Nc4 Nxe4 11. dxe4 Ba6 12. Nd6+ Bxd6 13. Qxd6 Bxf1 14. Bg5 f6 15. Qxe6+ Kd8 16. Bxf1 Re8 17. Qd5 $11 Re5 1/2-1/2

[Event "Guimaraes Open 2018"]
[Site "Guimaraes"]
[Date "2018.10.07"]
[Round "7"]
[White "Rey Malde, Henrique"]
[Black "Frois, Antonio"]
[Result "1/2-1/2"]
[ECO "B36"]
[WhiteElo "2177"]
[BlackElo "2267"]
[Annotator "NA"]
[PlyCount "43"]
[EventDate "2018.10.04"]
[EventType "swiss"]
[EventCountry "POR"]
[SourceTitle "playchess.com"]
[Source "ChessBase"]
[SourceQuality "1"]
[TimeControl "5400+30"]

1. e4 c5 2. Nf3 Nc6 3. d4 cxd4 4. Nxd4 g6 5. c4 Nf6 6. Nc3 d6 7. Be2 Bg7 8. Be3 O-O 9. O-O Bd7 10. h3 Nxd4 11. Bxd4 Bc6 {[%emt 0:00:05] LiveBook: 89 Games} 12. Qc2 {[%emt 0:01:52] B38: Sicilian: Maroczy Bind with 5...Bg7 and 7...0-0} (12. Bf3 a5 13. Qd2 Nd7 14. Bxg7 Kxg7 15. b3 Qb6 16. Nd5 Bxd5 17. exd5 Qb4 18. Qb2+ Kg8 19. a3 Qb6 {½-½ (29) Romanov,E (2619)-Ivanchuk,V (2713) Batumi 2018}) 12... Nd7 13. Bxg7 Kxg7 14. b4 b6 15. Rad1 a5 16. a3 axb4 17. axb4 Kg8 $146 ({Predecessor:} 17... Qc7 18. Qd2 Nf6 19. g4 Kg8 {1-0 (31) Portela Peleteiro,A (2340)-Oztekin,K (1910) Prague 2016}) 18. Bg4 Ne5 19. c5 bxc5 20. bxc5 Nxg4 21. hxg4 Qc8 $11 22. cxd6 1/2-1/2

[Event "Guimaraes Open 2018"]
[Site "Guimaraes"]
[Date "2018.10.07"]
[Round "7"]
[White "Dias, Ivo Rodrigues"]
[Black "Bazan Solera, Manuel"]
[Result "1-0"]
[ECO "B06"]
[WhiteElo "2174"]
[BlackElo "1932"]
[Annotator "NA"]
[PlyCount "75"]
[EventDate "2018.10.04"]
[EventType "swiss"]
[EventCountry "POR"]
[SourceTitle "playchess.com"]
[Source "ChessBase"]
[SourceQuality "1"]
[TimeControl "5400+30"]

1. e4 d6 2. d4 g6 3. Nc3 Bg7 4. Bg5 c6 5. Qd2 Qa5 6. f4 h6 {[%emt 0:06:24] B06: Modern Defence} 7. Bh4 Qh5 $146 ({Predecessor:} 7... Nf6 8. Nf3 Bg4 9. Bd3 Bxf3 10. gxf3 Qh5 11. Qf2 Nbd7 12. O-O-O Qa5 13. e5 Nd5 14. Nxd5 cxd5 {½-½ (43) Stojanovic,D (2481)-Arapovic,V (2366) Bihac 2010}) 8. Bf2 Bg4 9. Nge2 $2 (9. h3 $18) 9... Bxe2 10. Bxe2 Qa5 11. e5 d5 12. O-O-O e6 13. Kb1 Ne7 14. g4 Nd7 15. Bh4 b5 16. Bxe7 b4 17. Nxd5 cxd5 18. Bxb4 Qb6 19. f5 a5 20. Ba3 Bf8 21. Bxf8 Kxf8 22. Rhf1 Rb8 23. c4 Kg7 24. c5 Qb4 25. Qxb4 Rxb4 26. a3 Rb3 27. Rf3 Rhb8 28. Rxb3 Rxb3 29. c6 Nb6 30. c7 $18 exf5 31. gxf5 gxf5 32. Rd3 Rxd3 33. Bxd3 f4 34. Ba6 f3 35. c8=Q Nxc8 36. Bxc8 f2 37. Bh3 Kg6 38. b4 1-0